 Dungeon Crawl Stone Soup version 0.23-a0-356-g1757c6e (webtiles) character file.

182 Cryolive the Digger (level 5, -2/28 HPs)
             Began as a Gargoyle Earth Elementalist on Oct 21, 2018.
             Slain by a centaur (7 damage)
             ... on level 3 of the Dungeon.
             The game lasted 00:07:12 (2107 turns).

Cryolive the Digger (Gargoyle Earth Elementalist)   Turns: 2107, Time: 00:07:13

Health: -2/28      AC:  6    Str: 11    XL:     5   Next: 61%
Magic:  10/10      EV: 12    Int: 17    God:
Gold:   133        SH:  0    Dex: 10    Spells: 10/11 levels left

rFire    . . .     SeeInvis .   a - +0 spear
rCold    . . .     Gourm    .   (no shield)
rNeg     + . .     Faith    .   c - +0 robe
rPois    ∞         Spirit   .   (no helmet)
rElec    +         Reflect  .   (no cloak)
rCorr    .         Harm     .   (no gloves)
MR       .....                  (no boots)
Stlth    ++........             (no amulet)
HPRegen  0.09/turn              (no ring)
MPRegen  0.12/turn              (no ring)

@: no status effects
A: negative energy resistance 1, electricity resistance, unbreathing,
petrification resistance, rot immunity, AC +4
a: no special abilities


You were on level 3 of the Dungeon.
You were hungry.

You visited 1 branch of the dungeon, and saw 3 of its levels.

You collected 133 gold pieces.

Inventory:

Hand Weapons
 a - a +0 spear (weapon)
Missiles
 b - 67 stones (quivered)
Armour
 c - a +0 robe (worn)
 n - a +2 helmet
Jewellery
 h - an uncursed amulet of the acrobat {unknown}
Scrolls
 e - 6 scrolls of identify {unknown}
 f - 2 scrolls of remove curse {unknown}
 g - a scroll of amnesia {unknown}
 l - 2 scrolls of teleportation {unknown}
 m - a scroll of immolation {unknown}
 q - a scroll of fear {unknown}
 r - a scroll of enchant armour {unknown}
Potions
 i - a potion of ambrosia {unknown}
 j - a potion of heal wounds {unknown}
 k - 2 potions of flight {unknown}
 o - a potion of haste {unknown}
 p - a potion of agility {unknown}
Comestibles
 d - 3 rations


   Skills:
 - Level 1.5 Dodging
 - Level 2.1 Stealth
 + Level 3.9 Spellcasting
   Level 0.7 Transmutations
 + Level 5.8 Earth Magic


You had 10 spell levels left.
You knew the following spells:

 Your Spells              Type           Power        Failure   Level  Hunger
a - Sandblast             Erth           ###...       1%          1    None

Your spell library contained the following spells:

 Spells                   Type           Power        Failure   Level  Hunger
 Passwall                 Tmut/Erth      ##......     6%          2    ##.....
 Stone Arrow              Conj/Erth      ##....       14%         3    ###....
 Confusing Touch          Hex            #.....       16%         1    None
 Petrify                  Tmut/Erth      ##......     38%         4    ####...
 Lee's Rapid Deconstruct  Erth           ###.......   38%         5    ######.
 Confuse                  Hex            #.......     43%         3    ###....
 Gell's Gravitas          Tloc           #.........   43%         3    ###....
 Yara's Violent Unravell  Hex/Tmut       #.........   98%         5    ######.
 Metabolic Englaciation   Hex/Ice        #.........   99%         5    ######.


Dungeon Overview and Level Annotations

Branches:
Dungeon (3/15)

Altars:
Nemelex Xobeh


Innate Abilities, Weirdness & Mutations

You are resistant to torment.
Your stone body is resilient. (AC +4)
You are immune to poison.
You resist negative energy. (rN+)
You are resistant to electric shocks. (rElec)
You can survive without breathing.
You are immune to petrification.
You are immune to rotting.


Message History

You hit the jackal.
You kill the jackal!
You see here a jackal corpse.
d - 3 rations (gained 1)
q - a scroll labeled AMPESTRAGOH
Found an escape hatch in the ceiling.
Found a leather armour.
Found a robe.
You see here a leather armour.
e - 6 scrolls labeled EWA WEUCHAOSY (gained 1)
b - 67 stones (gained 17)
A centaur comes into view.
The centaur wields a +0 shortbow.
The centaur shoots an arrow.
The arrow hits you!
You see here an arrow.
The centaur shoots an arrow.
The arrow hits you!
* * * LOW HITPOINT WARNING * * *
You see here an arrow.
The centaur unwields a +0 shortbow.
The centaur hits you!
You die...

................
................
...###..#....#(.
...>...†........
#..###.###...#..##.#
...###.###...#......
.................#.# .#
................c#.# #.#
................@#.# #.#
#..###.###...#.#(#.# #.#
.............#.#(#.# #.#
#..###.###...#.#.#.###.#####
#..# #.....................#
#..###.###.................#
...........##.......##.#####
#..##...##.................#
........##.#####.#..##.#####


You could see a centaur.

Vanquished Creatures
  Jessica (D:2)
  Terence (D:2)
  4 gnolls (D:2)
  4 adders (D:2)
  An ooze (D:2)
  A worm (D:2)
  A dart slug (D:1)
  2 leopard geckos
  3 giant cockroaches
  4 goblins
  7 hobgoblins
  3 jackals (D:3)
  A ball python (D:1)
  5 bats
  3 frilled lizards
  6 kobolds
  5 rats
52 creatures vanquished.

Notes
Turn   | Place    | Note
-------+----------+-------------------------------------------
     0 | D:1      | Cryolive the Gargoyle Earth Elementalist began the quest
                  | for the Orb.
     0 | D:1      | Reached XP level 1. HP: 10/10 MP: 3/3
   159 | D:1      | Reached skill level 4 in Earth Magic
   159 | D:1      | Reached XP level 2. HP: 15/15 MP: 5/5
   710 | D:2      | Reached XP level 3. HP: 19/19 MP: 1/7
   803 | D:2      | Found a sparkling altar of Nemelex Xobeh.
   899 | D:2      | Reached XP level 4. HP: 12/24 MP: 5/8
   901 | D:2      | Noticed Terence
  1128 | D:2      | Killed Terence
  1128 | D:2      | Reached skill level 5 in Earth Magic
  1247 | D:2      | Noticed Jessica
  1258 | D:2      | Killed Jessica
  1258 | D:2      | Reached XP level 5. HP: 28/28 MP: 8/10
  1780 | D:2      | HP: 1/28 [gnoll/+0 spear (5)]
  2102 | D:3      | Noticed a centaur
  2107 | D:3      | Slain by a centaur

Vault maps used:
D:1:      saegor_arrival_simple_c, chequers_decorated_corner
D:2:      lemuel_doored_altar, uniq_jessica, uniq_terence
D:3:      chequers_temple_overflow_statue_of_worship

Skill      XL: |  1  2  3  4 |
---------------+-------------+-----
Earth Magic    | 4 5 |  5.8
Spellcasting   | 3 |  3.9
Dodging        | |  1.5
Stealth        | |  2.1
Transmutations | |  0.7

Action                   |  1- 3 |  4- 6 || total
-------------------------+-------+-------++-------
Melee: Spear             |    91 |   110 ||   201
 Cast: Sandblast         |     9 |    16 ||    25
  Use: Potion            |       |     2 ||     2
 Stab: Sleeping          |     1 |       ||     1
  Eat: Ration            |       |     1 ||     1
Armor: Robe              |    35 |    37 ||    72
Dodge: Dodged            |    48 |    99 ||   147

Table legend:
 A = Non-vault XP
 B = Vault XP
 C = Vault XP percentage of total XP
 D = Non-vault monster count
 E = Vault monster count
 F = Vault count percentage of total count
                 A         B        C        D         E       F
            +---------+---------+-------+---------+---------+-------
      Total |     191 |      69 |  26.5 |      50 |       2 |   3.8
            +---------+---------+-------+---------+---------+-------
        D:1 |      28 |       0 |   0.0 |      16 |       0 |   0.0
        D:2 |     146 |      69 |  32.1 |      25 |       2 |   7.4
        D:3 |      17 |       0 |   0.0 |       9 |       0 |   0.0
            +---------+---------+-------+---------+---------+-------
